 Dungeon Crawl Stone Soup version 0.14-a0-586-g2535b90 (webtiles) character file.

536 PolkaDot the Gusty (level 6, -7/41 HPs)
             Began as a Vampire Air Elementalist on Nov 4, 2013.
             Mangled by a gnoll
             ... wielding a +0,+0 halberd
              (15 damage)
             ... on Level 4 of the Dungeon.
             The game lasted 00:19:07 (3735 turns).

PolkaDot the Gusty (Vampire Air Elementalist)       Turns: 3735, Time: 00:19:07

HP  -7/41        AC  4     Str  7      XL: 6   Next: 48%
MP  10/12        EV 12     Int 19      God:
Gold 150         SH  0     Dex 14      Spells:  4 memorised,  0 levels left

Res.Fire  : . . .   See Invis. : +   j - +1,+2 dagger (venom)
Res.Cold  : . . .   Warding    : .   f - +0 robe
Life Prot.: + . .   Conserve   : .   (no shield)
Res.Poison: .       Res.Corr.  : .   l - +0 dwarf helmet
Res.Elec. : .       Clarity    : .   (no cloak)
Sust.Abil.: . .     Spirit.Shd : .   d - +0 pair of orc gloves
Res.Mut.  : .       Stasis     : .   (no boots)
Res.Rott. : .       Flight     : .   (no amulet)
Saprovore : . . .                    (no ring)
                                     e - ring of flight

@: very slightly contaminated, slightly resistant to hostile enchantments,
stealthy
A: bottle blood, fangs 3, see invisible, unbreathing
a: Bat Form, Bottle Blood, Evoke Flight


You were on level 4 of the Dungeon.
You were not thirsty.

You visited 1 branch of the dungeon, and saw 4 of its levels.

You collected 150 gold pieces.

Inventory:

Hand weapons
 b - a +2,+0 dagger of holy wrath
 c - a +1,+0 flail of holy wrath
 j - a +1,+2 dagger of venom (weapon)
Armour
 d - a +0 pair of orcish gloves (worn)
 f - a +0 robe (worn)
 l - a +0 dwarven helmet (worn)
Scrolls
 a - a scroll of teleportation
 g - 2 scrolls of identify
 i - a scroll of random uselessness {unknown}
 m - a scroll of fear {unknown}
 o - a scroll of remove curse
 p - a scroll of recharging {unknown}
Jewellery
 e - a ring of flight (left hand)
Books
 h - a book of Air

   Spells                             Type                      Level
   *Shock                             Conjuration/Air              1
   *Swiftness                         Charms/Air                   2
   Repel Missiles                     Charms/Air                   2
   *Flight                            Charms/Air                   3
   *Static Discharge                  Conjuration/Air              3
   Lightning Bolt                     Conjuration/Air              5
 k - a book of Hinderance

   Spells                             Type                      Level
   Confusing Touch                    Hexes                        1
   Slow                               Hexes                        2
   Confuse                            Hexes                        3
   Petrify                            Transmutation/Earth          4
   Leda's Liquefaction                Hexes/Earth                  4
   Metabolic Englaciation             Hexes/Ice                    6


   Skills:
 - Level 3.2 Short Blades
 - Level 2.1 Dodging
 - Level 3.0 Stealth
 + Level 2.1 Spellcasting
 * Level 2.3 Conjurations
 * Level 5.2 Air Magic


You couldn't memorise any spells.
You knew the following spells:

 Your Spells              Type           Power        Failure   Level  Hunger
a - Shock                 Conj/Air       ###.         4%          1    #......
s - Static Discharge      Conj/Air       ###.....     12%         3    ###....
F - Flight                Chrm/Air       ##........   17%         3    ###....
S - Swiftness             Chrm/Air       ##........   10%         2    ##.....


Dungeon Overview and Level Annotations

Branches:
Dungeon (4/27)
 Temple: D:4-7

Altars:

Shops:
D:4 +


Innate Abilities, Weirdness & Mutations

You can bottle blood from corpses.
You have razor-sharp teeth.*
You have supernaturally acute eyesight.
You can survive without breathing.*


Message History

You feel quick.
You start resting.
You start to feel a little slower.
You start resting.
Casting: Swiftness
Confirm with . or Enter, or press ? or * to list all spells.
You miscast Static Discharge.
You are very lightly contaminated with residual magic.
Strange energies run through your body. The gnoll hits you with a halberd.
* * * LOW HITPOINT WARNING * * *
Casting: Static Discharge
Confirm with . or Enter, or press ? or * to list all spells.
You miscast Static Discharge.
Your skin glows momentarily.
You feel sluggish. The gnoll closely misses you.
The gnoll hits you from afar with a halberd!
* * * LOW HITPOINT WARNING * * *
There is a stone staircase leading up here.
The gnoll hits you from afar with a halberd!
You die...

.# ##.............,*##.......
.#######.....#.#.......*#.......#
.............#.#.......##.......#
.......................##.......#
.............#.#.......##>......#
.#######...(...........##.......#
.# ##..............*#.......# .#
####...#.#..#***#.......# .#
#..g.@...# ####)#### .#
#...#.#..########.# .#
#######..........)......# .#
#.....#........#.#####..#
######.###.#.########.##....)#
.......# #.#.............##.##
######.###.##########.#####.# #
#.....# #..,,,..# # ###.###
####*####


You could see a gnoll.

Vanquished Creatures
  An ogre (D:4)
  A giant frog (D:4)
  An orc priest (D:3)
  A worker ant (D:4)
  5 gnolls
  5 adders
  2 giant mites
  A worm (D:2)
  4 giant geckos
  3 orcs (D:3)
  7 bats
  3 giant cockroaches
  12 goblins
  7 hobgoblins
  3 jackals (D:3)
  3 giant newts
  9 kobolds
  A quokka skeleton (D:4)
  6 rats
75 creatures vanquished.

Notes
Turn   | Place    | Note
--------------------------------------------------------------
     0 | D:1      | PolkaDot, the Vampire Air Elementalist, began the quest for the Orb.
     0 | D:1      | Reached XP level 1. HP: 13/13 MP: 4/4
   270 | D:1      | Reached XP level 2. HP: 16/19 MP: 5/5
   722 | D:1      | Reached skill level 1 in Short Blades
  1049 | D:2      | Reached XP level 3. HP: 20/24 MP: 6/6
  1391 | D:2      | Learned a level 3 spell: Flight
  1725 | D:2      | Reached skill level 4 in Air Magic
  1746 | D:2      | Reached XP level 4. HP: 27/30 MP: 0/8
  2227 | D:2      | Reached skill level 1 in Conjurations
  2414 | D:3      | Reached XP level 5. HP: 35/35 MP: 9/9
  2905 | D:4      | Noticed an ogre
  2922 | D:4      | Reached XP level 6. HP: 5/41 MP: 8/11
  3069 | D:4      | Learned a level 3 spell: Static Discharge
  3071 | D:4      | Reached skill level 5 in Air Magic
  3196 | D:4      | Found Pnuung's Book Boutique.
  3560 | D:4      | Killed an ogre
  3633 | D:4      | Learned a level 2 spell: Swiftness
  3735 | D:4      | Mangled by a gnoll

Action                   |  1- 3 |  4- 6 || total
-------------------------+-------+-------++-------
Melee: Dagger            |    16 |    37 ||    53
       Unarmed           |     3 |       ||     3
       Short sword       |    77 |    88 ||   165
 Cast: Shock             |    27 |    19 ||    46
       Flight            |       |     1 ||     1
       Static Discharge  |       |     2 ||     2
       Swiftness         |       |     1 ||     1
  Use: Scroll            |     8 |     1 ||     9
       Potion            |     3 |     3 ||     6
 Stab: Sleeping          |     3 |     8 ||    11
